 Dungeon Crawl Stone Soup version 0.26.1-2-gb8aa6d0cf2 (webtiles) character file.

Game seed: 12608190356964304322

134 Gadfly the Charlatan (level 4, -4/63 HPs)
             Began as a Troll Artificer on Feb 24, 2021.
             Slain by an orc warrior
             ... wielding a +0 morningstar
              (14 damage)
             ... on level 4 of the Dungeon.
             The game lasted 00:03:38 (2229 turns).

Gadfly the Charlatan (Troll Artificer)              Turns: 2229, Time: 00:03:39

Health: -4/63      AC: 22    Str: 21    XL:     4   Next: 95%
Magic:  3/3        EV:  1    Int:  7    God:
Gold:   156        SH:  0    Dex: 10    Spells: 3/3 levels left

rFire    . . .     SeeInvis .   a - +1 club
rCold    . . .     Faith    .   (no shield)
rNeg     + + +     Spirit   .   (armour currently unavailable)
rPois    +         Reflect  .   (helmet currently unavailable)
rElec    .         Harm     .   (cloak currently unavailable)
rCorr    .         Rampage  .   (gloves unavailable)
Will     .....     NoTele   +   (boots unavailable)
Stlth    +.........             (no amulet)
HPRegen  0.60/turn              (no ring)
MPRegen  0.08/turn              (no ring)

@: tree-form
A: large, unfitting armour, regeneration 1
a: no special abilities


You were on level 4 of the Dungeon.
You were a tree.
You visited 1 branch of the dungeon, and saw 4 of its levels.

You collected 156 gold pieces.

Inventory:

Hand Weapons
 a - a +1 club (weapon)
Armour
 b - a +1 robe (melded)
Wands
 c - a wand of flame (15) (quivered)
 d - a wand of enslavement (15)
 e - a wand of random effects (15)
Scrolls
 g - 3 scrolls of identify
 k - a scroll of immolation {unknown}
 l - a scroll of random uselessness {unknown}
Potions
 f - a potion of curing
 i - a potion of haste
 j - a potion of ambrosia {unknown}


   Skills:
 * Level 2.0 Fighting
 * Level 2.1 Maces & Flails
 * Level 2.1 Armour
 - Level 1.9 Dodging
 - Level 0.3 Stealth
 + Level 2.3 Evocations


You had 3 spell levels left.
You didn't know any spells.
Your spell library was empty.

Dungeon Overview and Level Annotations

Branches:
Dungeon (4/15)
 Temple: D:4-7

Altars:


Innate Abilities, Weirdness & Mutations

You are too large for most types of armour.
((You have claws for hands.))
Your natural rate of healing is unusually fast.
((You are covered in fur. (AC +1)))
((You have extremely tough skin. (AC +3)))


Message History

The orc warrior is heavily wounded.
The orc warrior hits you with a +0 morningstar!
* * * LOW HITPOINT WARNING * * *
You hit the orc warrior but do no damage.
The orc warrior is heavily wounded.
The orc warrior hits you but does no damage.
You hit the orc warrior.
The orc warrior is severely wounded.
The orc warrior hits you but does no damage.
You barely miss the orc warrior.
The orc warrior is severely wounded.
The orc warrior hits you but does no damage.
You hit the orc warrior but do no damage.
The orc warrior is severely wounded.
The orc warrior hits you with a +0 morningstar.
* * * LOW HITPOINT WARNING * * *
You hit the orc warrior but do no damage.
The orc warrior is severely wounded.
The orc warrior hits you with a +0 morningstar!
You die...

###
#P.
##♣P##
#..)♣#
+..o)#
#..###
###


You could see an orc warrior.

Vanquished Creatures
  5 adders (D:2)
  An ooze (D:2)
  3 worms (D:2)
  3 dart slugs
  A leopard gecko (D:1)
  An orc (D:4)
  8 giant cockroaches
  10 goblins
  10 hobgoblins
  2 jackals (D:3)
  A quokka (D:2)
  A ball python (D:1)
  2 bats
  3 frilled lizards
  8 kobolds
  7 rats
66 creatures vanquished.

Notes
Turn   | Place    | Note
-------+----------+-------------------------------------------
     0 | D:1      | Gadfly the Troll Artificer began the quest for the Orb.
     0 | D:1      | Reached XP level 1. HP: 18/18 MP: 0/0
   208 | D:1      | Reached skill level 1 in Fighting
   248 | D:1      | Reached XP level 2. HP: 26/27 MP: 1/1
   307 | D:1      | Reached skill level 1 in Maces & Flails
   324 | D:1      | Reached skill level 1 in Armour
   550 | D:1      | Reached XP level 3. HP: 33/33 MP: 2/2
   815 | D:2      | Found a faded altar of an unknown god.
  1242 | D:2      | Reached XP level 4. HP: 41/42 MP: 3/3
  2149 | D:3      | Noticed an orc warrior
  2229 | D:4      | Slain by an orc warrior

Illustrated notes

Levels and vault maps discovered:
D:1:      kennysheep_arrival_forest, layout_loops_cross, minmay_tripent
D:2:      layout_loops_corners, chequers_ecumenical_altar_twisty,
          minmay_misc_feat_five
D:3:      layout_loops_cross, tso_metal_star, uniq_terence
D:4:      kennysheep_kobold_camp, layout_gridville, st_stairs_6,
          minmay_checkerbox

Skill      XL: |  1  2  3  4 |
---------------+-------------+-----
Fighting       | 1 2 |  2.0
Maces & Flails | 1 2 |  2.1
Armour         | 1 2 |  2.1
Dodging        | |  1.9
Stealth        | |  0.3
Evocations     | |  2.3

Action                   |  1- 3 |  4- 6 || total
-------------------------+-------+-------++-------
Melee: Club              |   200 |   159 ||   359
  Use: Scroll            |     3 |     3 ||     6
       Potion            |       |     1 ||     1
 Stab: Sleeping          |       |     1 ||     1
Armor: Robe              |    95 |    75 ||   170
       Skin              |       |    17 ||    17
Dodge: Dodged            |   126 |   109 ||   235
